[ AOE2 MATCH · #466725504 ]
UnrankedJapanese vs Bohemians
[ REPLAY ANALYSIS · EXTRACTED FROM THE RECORDED GAME ]
Feudal
12:52
Castle
16:28
Imperial
—
| APM avg | 37.4 |
| APM peak | 95 |
| eAPM avg | 22.4 |
| Villagers / military | 117 / 10 |
Focus
⚔️ 23.1% · 🌾 76.9%
Samurai ×7 · Mangonel ×2 · Cavalry Archer ×1
Feudal
11:31
Castle
15:06
Imperial
20:54
| APM avg | 49.7 |
| APM peak | 88 |
| eAPM avg | 34.0 |
| Villagers / military | 105 / 72 |
Focus
⚔️ 65.2% · 🌾 34.8%
Skirmisher ×40 · Hand Cannoneer ×24 · Fishing Ship ×18 · Bombard Cannon ×7 · Trade Cart ×3 · Monk ×1
Feudal
—
Castle
—
Imperial
—
| APM avg | 27.2 |
| APM peak | 83 |
| eAPM avg | 16.1 |
| Villagers / military | 182 / 62 |
Focus
⚔️ 24.2% · 🌾 75.8%
Spearman ×55 · Mangonel ×4 · Scorpion ×3
Feudal
11:21
Castle
14:52
Imperial
—
| APM avg | 31.7 |
| APM peak | 67 |
| eAPM avg | 19.7 |
| Villagers / military | 181 / 45 |
Focus
⚔️ 21.6% · 🌾 78.4%
Kona ×37 · Trade Cart ×31 · Monk ×5 · Battering Ram ×2 · Mangonel ×1
Feudal
14:00
Castle
17:55
Imperial
31:11
| APM avg | 45.3 |
| APM peak | 107 |
| eAPM avg | 18.4 |
| Villagers / military | 73 / 87 |
Focus
⚔️ 35.9% · 🌾 64.1%
Cavalry Archer ×80 · Fishing Ship ×35 · Skirmisher ×5 · Mangonel ×2
Feudal
12:28
Castle
16:29
Imperial
28:42
| APM avg | 30.9 |
| APM peak | 58 |
| eAPM avg | 19.2 |
| Villagers / military | 117 / 112 |
Focus
⚔️ 30.3% · 🌾 69.7%
Archer ×76 · Fishing Ship ×34 · Galley ×18 · Skirmisher ×16 · Scorpion ×1 · Battering Ram ×1
Feudal
9:55
Castle
19:45
Imperial
25:44
| APM avg | 32.0 |
| APM peak | 67 |
| eAPM avg | 15.8 |
| Villagers / military | 51 / 61 |
Focus
⚔️ 39.0% · 🌾 61.0%
Archer ×54 · Fishing Ship ×20 · Petard ×3 · Mangonel ×3 · Trebuchet (Packed) ×1
Feudal
10:57
Castle
14:28
Imperial
38:14
| APM avg | 37.4 |
| APM peak | 79 |
| eAPM avg | 27.4 |
| Villagers / military | 221 / 40 |
Focus
⚔️ 17.3% · 🌾 82.7%
Knight ×28 · Skirmisher ×8 · Mangonel ×4
Match map
Initial resources + every placement click. Lines = walls · curves = elevation contours. ◆ gold · ⬟ stone · ● berries · ✦ relic · ◌ wall gap
Inputs per minute
— pb and jam - - Prince <3
Build order — pb and jam
First 150 of 260 actions detected
| 0:00 | Create | Villager (Male) |
| 0:00 | Create | Villager (Male) |
| 0:01 | Create | Villager (Male) |
| 0:02 | Build | House |
| 0:04 | Build | House |
| 0:15 | Research | Loom |
| 0:16 | Create | Villager (Male) |
| 0:16 | Create | Villager (Male) |
| 0:17 | Create | Villager (Male) |
| 1:20 | Build | Palisade Wall |
| 1:54 | Create | Villager (Male) |
| 1:54 | Create | Villager (Male) |
| 2:37 | Build | Palisade Wall |
| 2:40 | Build | Palisade Wall |
| 2:42 | Build | Palisade Wall |
| 2:52 | Create | Villager (Male) |
| 2:52 | Create | Villager (Male) |
| 2:57 | Create | Villager (Male) |
| 2:58 | Create | Villager (Male) |
| 3:25 | Build | Palisade Wall |
| 3:26 | Build | Palisade Wall |
| 3:33 | Create | Villager (Male) |
| 3:33 | Create | Villager (Male) |
| 3:37 | Build | Palisade Wall |
| 3:43 | Build | Palisade Wall |
| 3:44 | Build | Palisade Wall |
| 3:45 | Build | Palisade Wall |
| 3:47 | Build | Palisade Wall |
| 4:07 | Build | Palisade Wall |
| 4:08 | Create | Villager (Male) |
| 4:08 | Create | Villager (Male) |
| 4:17 | Build | Lumber Camp |
| 4:30 | Create | Villager (Male) |
| 4:30 | Create | Villager (Male) |
| 4:54 | Build | Palisade Wall |
| 4:56 | Build | Palisade Wall |
| 5:07 | Create | Villager (Male) |
| 5:07 | Create | Villager (Male) |
| 5:25 | Build | House |
| 5:32 | Create | Villager (Male) |
| 5:32 | Create | Villager (Male) |
| 5:54 | Create | Villager (Male) |
| 5:55 | Create | Villager (Male) |
| 6:12 | Create | Villager (Male) |
| 6:12 | Create | Villager (Male) |
| 6:20 | Create | Villager (Male) |
| 6:21 | Create | Villager (Male) |
| 7:06 | Create | Villager (Male) |
| 7:06 | Create | Villager (Male) |
| 7:07 | Build | House |
| 7:16 | Create | Villager (Male) |
| 7:16 | Create | Villager (Male) |
| 7:36 | Build | House |
| 7:53 | Build | Mill |
| 8:29 | Create | Villager (Male) |
| 8:29 | Create | Villager (Male) |
| 8:29 | Create | Villager (Male) |
| 8:46 | Create | Villager (Male) |
| 9:44 | Build | House |
| 9:53 | Create | Villager (Male) |
| 9:54 | Create | Villager (Male) |
| 10:36 | Build | House |
| 10:42 | Research | Feudal Age |
| 10:43 | Research | Feudal Age |
| 10:51 | Build | Mining Camp |
| 11:41 | Create | Villager (Male) |
| 12:06 | Create | Villager (Male) |
| 12:52 | Age | Feudal Age |
| 12:55 | Build | Market |
| 12:56 | Build | Blacksmith |
| 13:22 | Build | Mining Camp |
| 13:48 | Research | Castle Age |
| 13:48 | Research | Castle Age |
| 13:58 | Research | Double-Bit Axe |
| 13:58 | Research | Double-Bit Axe |
| 14:48 | Create | Villager (Male) |
| 16:28 | Age | Castle Age |
| 16:33 | Build | Castle |
| 16:39 | Create | Villager (Male) |
| 16:41 | Research | Bow Saw |
| 16:47 | Build | House |
| 16:51 | Build | House |
| 16:52 | Build | House |
| 16:57 | Build | Farm |
| 16:58 | Research | Horse Collar |
| 17:12 | Create | Villager (Male) |
| 17:23 | Build | Farm |
| 17:30 | Build | Farm |
| 17:41 | Create | Samurai |
| 17:49 | Build | Farm |
| 17:54 | Create | Samurai |
| 18:08 | Build | Farm |
| 18:13 | Create | Villager (Male) |
| 18:13 | Create | Villager (Male) |
| 18:37 | Build | Farm |
| 18:38 | Build | Farm |
| 18:43 | Create | Villager (Male) |
| 18:43 | Create | Villager (Male) |
| 19:06 | Build | Farm |
| 19:10 | Build | Farm |
| 19:28 | Build | Palisade Wall |
| 19:31 | Build | Palisade Wall |
| 19:35 | Create | Samurai |
| 19:35 | Create | Samurai |
| 19:36 | Create | Samurai |
| 19:39 | Build | House |
| 19:42 | Build | Farm |
| 19:46 | Create | Samurai |
| 20:13 | Build | Palisade Wall |
| 20:16 | Create | Samurai |
| 20:38 | Create | Villager (Male) |
| 20:38 | Create | Villager (Male) |
| 20:38 | Create | Villager (Male) |
| 20:41 | Build | Farm |
| 20:42 | Build | Farm |
| 20:43 | Build | Farm |
| 21:07 | Create | Villager (Male) |
| 21:07 | Create | Villager (Male) |
| 21:25 | Build | Siege Workshop |
| 21:57 | Create | Villager (Male) |
| 22:06 | Build | Monastery |
| 22:08 | Create | Villager (Male) |
| 22:28 | Build | Farm |
| 22:58 | Build | Barracks |
| 23:00 | Create | Villager (Male) |
| 23:20 | Create | Villager (Male) |
| 25:36 | Build | Town Center |
| 25:55 | Research | Wheelbarrow |
| 26:20 | Build | Town Center |
| 26:22 | Research | Town Watch |
| 26:57 | Create | Villager (Male) |
| 26:57 | Create | Villager (Male) |
| 27:00 | Build | Farm |
| 27:02 | Build | Farm |
| 27:03 | Build | Farm |
| 27:04 | Build | Farm |
| 27:20 | Create | Villager (Male) |
| 27:22 | Build | Farm |
| 27:23 | Build | Farm |
| 27:25 | Build | Farm |
| 27:47 | Build | Farm |
| 27:55 | Create | Villager (Male) |
| 27:55 | Create | Villager (Male) |
| 27:58 | Build | Farm |
| 27:59 | Build | Farm |
| 27:59 | Build | Farm |
| 27:59 | Build | Farm |
| 27:59 | Build | Farm |
| 28:12 | Build | Farm |
| 28:15 | Build | Farm |
Build order — Prince <3
First 150 of 245 actions detected
| 0:00 | Create | Villager (Male) ×4 |
| 0:02 | Build | House |
| 0:03 | Build | House |
| 1:13 | Create | Villager (Male) |
| 1:49 | Create | Villager (Male) |
| 1:51 | Build | Lumber Camp |
| 2:04 | Create | Villager (Male) |
| 2:34 | Create | Villager (Male) |
| 2:59 | Create | Villager (Male) |
| 3:02 | Build | House |
| 3:38 | Create | Villager (Male) |
| 3:58 | Create | Villager (Male) |
| 4:26 | Build | Mill |
| 4:34 | Create | Villager (Male) |
| 4:35 | Create | Villager (Male) |
| 5:19 | Create | Villager (Male) |
| 5:20 | Create | Villager (Male) |
| 5:29 | Create | Villager (Male) |
| 5:41 | Create | Villager (Male) |
| 5:46 | Build | House |
| 5:48 | Build | House |
| 6:17 | Build | Dock |
| 6:23 | Create | Villager (Male) |
| 6:23 | Create | Villager (Male) |
| 6:23 | Create | Villager (Male) |
| 6:39 | Create | Villager (Male) |
| 7:17 | Create | Fishing Ship |
| 7:19 | Build | House |
| 7:49 | Create | Fishing Ship |
| 8:12 | Build | Mining Camp |
| 8:56 | Create | Villager (Male) |
| 9:19 | Research | Feudal Age |
| 9:24 | Create | Fishing Ship |
| 9:25 | Create | Fishing Ship |
| 11:11 | Create | Fishing Ship |
| 11:12 | Create | Fishing Ship |
| 11:15 | Create | Villager (Male) |
| 11:15 | Create | Villager (Male) |
| 11:15 | Create | Villager (Male) |
| 11:16 | Create | Villager (Male) |
| 11:31 | Age | Feudal Age |
| 11:37 | Build | Market |
| 11:41 | Build | Blacksmith |
| 12:26 | Research | Castle Age |
| 12:31 | Create | Villager (Male) |
| 12:38 | Create | Villager (Male) |
| 12:43 | Research | Double-Bit Axe |
| 12:48 | Research | Tech 906 |
| 13:07 | Build | House |
| 13:07 | Build | House |
| 13:08 | Build | House |
| 14:13 | Create | Villager (Male) |
| 14:13 | Create | Villager (Male) |
| 14:42 | Create | Villager (Male) |
| 14:42 | Create | Villager (Male) |
| 15:06 | Age | Castle Age |
| 15:08 | Build | University |
| 15:12 | Build | Monastery |
| 15:18 | Create | Fishing Ship |
| 15:18 | Create | Fishing Ship |
| 15:18 | Create | Fishing Ship |
| 15:57 | Create | Monk |
| 16:28 | Build | Barracks |
| 16:45 | Build | Fish Trap |
| 17:04 | Build | Fish Trap |
| 17:44 | Research | Imperial Age |
| 18:06 | Build | Fish Trap |
| 18:08 | Build | Fish Trap |
| 18:17 | Build | Fish Trap |
| 18:34 | Build | Fish Trap |
| 18:51 | Build | House |
| 18:55 | Build | Fish Trap |
| 19:18 | Build | Fish Trap |
| 19:22 | Research | Chemistry |
| 19:46 | Build | Siege Workshop |
| 19:53 | Create | Fishing Ship |
| 20:08 | Build | House |
| 20:18 | Build | Archery Range |
| 20:36 | Create | Villager (Male) |
| 20:40 | Build | Fish Trap |
| 20:54 | Age | Imperial Age |
| 21:03 | Create | Bombard Cannon |
| 21:05 | Create | Hand Cannoneer |
| 21:06 | Create | Hand Cannoneer |
| 21:09 | Build | House |
| 21:16 | Create | Fishing Ship |
| 21:23 | Create | Villager (Male) |
| 21:23 | Create | Villager (Male) |
| 21:41 | Create | Hand Cannoneer |
| 21:48 | Create | Bombard Cannon |
| 22:09 | Build | Fish Trap |
| 22:22 | Create | Hand Cannoneer |
| 22:33 | Create | Villager (Male) |
| 22:33 | Create | Villager (Male) |
| 22:34 | Create | Villager (Male) |
| 22:36 | Create | Fishing Ship |
| 22:36 | Create | Fishing Ship |
| 22:54 | Create | Hand Cannoneer |
| 23:02 | Create | Hand Cannoneer |
| 23:03 | Create | Bombard Cannon |
| 23:31 | Create | Hand Cannoneer |
| 23:34 | Create | Villager (Male) |
| 23:37 | Create | Fishing Ship |
| 23:39 | Build | Fish Trap |
| 23:40 | Create | Fishing Ship |
| 23:48 | Create | Hand Cannoneer |
| 24:23 | Build | Archery Range |
| 24:32 | Create | Villager (Male) |
| 24:32 | Create | Villager (Male) |
| 24:44 | Build | Town Center |
| 24:53 | Create | Hand Cannoneer |
| 24:53 | Create | Hand Cannoneer |
| 25:08 | Build | Fish Trap |
| 25:16 | Build | House |
| 25:17 | Build | House |
| 25:17 | Create | Hand Cannoneer |
| 25:18 | Create | Hand Cannoneer |
| 25:33 | Research | Bow Saw |
| 25:50 | Create | Bombard Cannon |
| 26:25 | Create | Hand Cannoneer |
| 26:25 | Create | Hand Cannoneer |
| 26:35 | Create | Villager (Male) |
| 26:36 | Create | Villager (Male) |
| 26:36 | Create | Villager (Male) |
| 26:36 | Create | Villager (Male) |
| 27:05 | Create | Hand Cannoneer |
| 27:06 | Create | Hand Cannoneer |
| 27:06 | Create | Hand Cannoneer |
| 27:10 | Create | Bombard Cannon |
| 28:04 | Create | Hand Cannoneer |
| 28:04 | Create | Hand Cannoneer |
| 28:06 | Create | Villager (Male) ×5 |
| 28:10 | Build | House |
| 28:10 | Build | House |
| 28:11 | Build | House |
| 28:11 | Build | House |
| 28:11 | Build | House |
| 28:12 | Build | House |
| 28:18 | Build | Town Center |
| 28:21 | Create | Fishing Ship |
| 28:22 | Create | Fishing Ship |
| 28:22 | Create | Fishing Ship |
| 28:23 | Build | Fish Trap |
| 28:32 | Create | Hand Cannoneer |
| 28:32 | Create | Hand Cannoneer |
| 28:46 | Create | Hand Cannoneer |
| 28:53 | Build | Archery Range |
| 28:54 | Build | Archery Range |
| 29:19 | Build | Fish Trap |
| 29:44 | Create | Hand Cannoneer |
Build order — JARDANI1299
First 150 of 341 actions detected
| 0:02 | Create | Villager (Male) |
| 0:02 | Create | Villager (Male) |
| 0:03 | Build | House |
| 0:05 | Build | House |
| 0:34 | Research | Loom |
| 0:37 | Create | Villager (Male) ×2 |
| 1:32 | Build | Palisade Wall |
| 1:55 | Build | Palisade Wall |
| 2:11 | Create | Villager (Male) |
| 2:32 | Build | Lumber Camp |
| 2:37 | Create | Villager (Male) |
| 3:06 | Create | Villager (Male) |
| 3:31 | Create | Villager (Male) |
| 3:55 | Create | Villager (Male) |
| 4:05 | Build | House |
| 4:23 | Create | Villager (Male) |
| 4:49 | Create | Villager (Male) |
| 5:18 | Create | Villager (Male) |
| 5:44 | Create | Villager (Male) ×3 |
| 6:12 | Build | Mill |
| 6:27 | Build | Palisade Wall |
| 6:28 | Build | Palisade Wall |
| 6:36 | Create | Villager (Male) |
| 7:16 | Create | Villager (Male) |
| 7:20 | Build | House |
| 7:50 | Build | House |
| 7:56 | Create | Villager (Male) |
| 8:04 | Research | Feudal Age |
| 9:41 | Create | Villager (Male) |
| 9:41 | Create | Villager (Male) |
| 9:42 | Create | Villager (Male) |
| 10:50 | Create | Villager (Male) |
| 10:53 | Build | Mining Camp |
| 11:26 | Build | Market |
| 11:36 | Build | Blacksmith |
| 11:42 | Create | Villager (Male) |
| 12:13 | Build | Outpost |
| 12:15 | Build | Outpost |
| 12:44 | Research | Castle Age |
| 12:44 | Research | Castle Age |
| 13:08 | Build | Stone Wall |
| 13:13 | Research | Double-Bit Axe |
| 13:38 | Build | Outpost |
| 13:43 | Build | Outpost |
| 14:49 | Research | Horse Collar |
| 15:09 | Create | Villager (Male) |
| 15:14 | Build | House |
| 15:15 | Build | House |
| 15:16 | Build | House |
| 15:18 | Build | House |
| 15:20 | Build | House |
| 15:21 | Build | House |
| 15:22 | Build | House |
| 15:23 | Build | House |
| 15:29 | Create | Villager (Male) |
| 15:33 | Research | Bow Saw |
| 15:34 | Research | Heavy Plow |
| 15:57 | Create | Villager (Male) |
| 16:15 | Build | Town Center |
| 16:27 | Create | Villager (Male) |
| 16:34 | Build | Farm |
| 16:35 | Build | Farm |
| 16:37 | Build | Farm |
| 16:42 | Build | Farm |
| 16:44 | Build | Farm |
| 16:49 | Create | Villager (Male) |
| 16:53 | Build | Farm |
| 16:59 | Build | Farm |
| 17:10 | Build | Farm |
| 17:36 | Create | Villager (Male) |
| 17:44 | Create | Villager (Male) |
| 17:49 | Create | Villager (Male) |
| 17:49 | Create | Villager (Male) |
| 17:53 | Create | Villager (Male) |
| 18:20 | Build | Town Center |
| 18:26 | Create | Villager (Male) |
| 18:26 | Create | Villager (Male) |
| 18:26 | Create | Villager (Male) |
| 18:48 | Build | House |
| 18:50 | Build | House |
| 18:51 | Build | House |
| 19:00 | Create | Villager (Male) |
| 19:01 | Create | Villager (Male) |
| 19:01 | Create | Villager (Male) |
| 19:04 | Build | Farm |
| 19:06 | Build | Farm |
| 19:28 | Build | Town Center |
| 19:32 | Create | Villager (Male) |
| 19:33 | Create | Villager (Male) |
| 19:33 | Create | Villager (Male) |
| 19:40 | Build | Farm |
| 19:42 | Build | Farm |
| 19:47 | Build | Farm |
| 19:49 | Build | Farm |
| 19:52 | Build | Farm |
| 19:56 | Build | Farm |
| 19:58 | Create | Villager (Male) |
| 19:59 | Create | Villager (Male) |
| 19:59 | Create | Villager (Male) |
| 19:59 | Create | Villager (Male) |
| 20:23 | Build | Stone Wall |
| 20:25 | Build | Stone Wall |
| 20:31 | Create | Villager (Male) |
| 20:32 | Create | Villager (Male) |
| 20:32 | Create | Villager (Male) |
| 20:44 | Build | Stone Wall |
| 20:47 | Build | Stone Wall |
| 20:53 | Create | Villager (Male) ×3 |
| 20:53 | Create | Villager (Male) ×3 |
| 21:04 | Build | Farm |
| 21:07 | Build | Farm |
| 21:09 | Build | Farm |
| 21:13 | Create | Villager (Male) ×2 |
| 21:13 | Create | Villager (Male) ×2 |
| 21:17 | Create | Villager (Male) |
| 21:17 | Create | Villager (Male) |
| 21:22 | Build | Farm |
| 21:24 | Build | Farm |
| 21:25 | Build | Farm |
| 21:26 | Build | Farm |
| 21:27 | Build | Farm |
| 21:30 | Create | Villager (Male) ×2 |
| 21:43 | Create | Villager (Male) |
| 21:51 | Build | Siege Workshop |
| 21:56 | Create | Villager (Male) |
| 21:56 | Create | Villager (Male) |
| 22:00 | Create | Villager (Male) |
| 22:00 | Create | Villager (Male) |
| 22:03 | Build | Farm |
| 22:03 | Build | Farm |
| 22:05 | Build | Farm |
| 22:07 | Build | Farm |
| 22:10 | Create | Villager (Male) |
| 22:10 | Create | Villager (Male) |
| 22:17 | Create | Villager (Male) |
| 22:17 | Create | Villager (Male) |
| 22:22 | Create | Villager (Male) |
| 22:23 | Create | Villager (Male) |
| 22:23 | Create | Villager (Male) |
| 22:28 | Create | Mangonel |
| 22:31 | Create | Villager (Male) |
| 22:31 | Create | Villager (Male) |
| 22:39 | Build | Mill |
| 22:40 | Build | Farm |
| 22:40 | Build | Farm |
| 22:40 | Build | Farm |
| 22:41 | Build | Farm |
| 22:41 | Build | Farm |
| 22:41 | Build | Farm |
| 22:41 | Build | Farm |
Build order — Matze
First 150 of 372 actions detected
| 0:01 | Create | Villager (Male) |
| 0:01 | Create | Villager (Male) |
| 0:02 | Build | House |
| 0:04 | Build | House |
| 0:07 | Create | Villager (Male) |
| 0:08 | Create | Villager (Male) |
| 1:17 | Create | Villager (Male) |
| 1:43 | Build | Palisade Wall |
| 2:06 | Create | Villager (Male) |
| 2:25 | Create | Villager (Male) |
| 2:40 | Create | Villager (Male) |
| 3:06 | Create | Villager (Male) |
| 3:35 | Create | Villager (Male) |
| 3:56 | Create | Villager (Male) |
| 4:02 | Build | Settlement |
| 4:31 | Create | Villager (Male) |
| 4:50 | Create | Villager (Male) |
| 5:11 | Create | Villager (Male) |
| 5:49 | Create | Villager (Male) |
| 6:04 | Create | Villager (Male) |
| 6:14 | Create | Villager (Male) |
| 6:14 | Create | Villager (Male) |
| 6:24 | Build | House |
| 6:32 | Build | Settlement |
| 6:37 | Create | Villager (Male) |
| 7:20 | Create | Villager (Male) |
| 8:07 | Create | Villager (Male) |
| 8:30 | Create | Villager (Male) |
| 9:01 | Research | Feudal Age |
| 10:09 | Create | Villager (Male) |
| 11:21 | Age | Feudal Age |
| 11:23 | Build | Market |
| 11:25 | Build | Blacksmith |
| 11:47 | Create | Villager (Male) |
| 11:59 | Build | Settlement |
| 12:12 | Research | Castle Age |
| 12:29 | Research | Double-Bit Axe |
| 12:56 | Create | Villager (Male) |
| 14:38 | Build | Settlement |
| 14:52 | Age | Castle Age |
| 15:09 | Build | Castle |
| 15:14 | Create | Villager (Male) |
| 15:30 | Research | Horse Collar |
| 15:43 | Create | Villager (Male) |
| 15:51 | Build | Farm |
| 16:04 | Create | Villager (Male) |
| 16:09 | Create | Kona |
| 16:16 | Create | Kona |
| 16:17 | Create | Villager (Male) |
| 16:25 | Create | Kona |
| 16:30 | Create | Villager (Male) |
| 16:37 | Create | Kona |
| 16:51 | Build | Siege Workshop |
| 16:56 | Create | Kona |
| 16:59 | Build | Farm |
| 17:05 | Build | Farm |
| 17:20 | Create | Villager (Male) |
| 17:41 | Build | Monastery |
| 17:54 | Create | Villager (Male) |
| 18:00 | Build | Farm |
| 18:01 | Build | Farm |
| 18:02 | Build | Farm |
| 18:14 | Create | Monk |
| 18:17 | Create | Villager (Male) |
| 18:19 | Build | House |
| 18:31 | Build | Farm |
| 18:46 | Create | Monk |
| 18:49 | Create | Battering Ram |
| 18:50 | Create | Villager (Male) |
| 18:50 | Create | Villager (Male) |
| 18:52 | Build | House |
| 18:59 | Create | Monk |
| 19:20 | Create | Villager (Male) |
| 19:37 | Create | Villager (Male) |
| 19:48 | Create | Villager (Male) |
| 19:59 | Create | Battering Ram |
| 20:04 | Build | House |
| 20:14 | Create | Villager (Male) |
| 20:22 | Build | Town Center |
| 20:33 | Create | Kona |
| 20:33 | Create | Kona |
| 20:43 | Build | House |
| 20:44 | Create | Monk |
| 20:46 | Create | Villager (Male) |
| 20:53 | Create | Villager (Male) |
| 21:07 | Create | Villager (Male) |
| 21:18 | Build | House |
| 21:25 | Build | Farm |
| 21:26 | Build | Farm |
| 21:27 | Build | Farm |
| 21:28 | Build | Farm |
| 21:29 | Build | Farm |
| 21:30 | Build | Farm |
| 21:31 | Create | Villager (Male) |
| 21:42 | Create | Villager (Male) |
| 21:56 | Create | Mangonel |
| 22:09 | Create | Villager (Male) |
| 22:12 | Build | House |
| 22:13 | Create | Villager (Male) |
| 22:14 | Create | Villager (Male) |
| 22:35 | Create | Villager (Male) |
| 22:37 | Build | House |
| 22:40 | Create | Villager (Male) |
| 22:44 | Create | Villager (Male) |
| 22:48 | Build | Town Center |
| 22:56 | Create | Villager (Male) |
| 23:11 | Create | Villager (Male) |
| 23:13 | Create | Villager (Male) |
| 23:35 | Create | Monk |
| 23:36 | Create | Villager (Male) |
| 23:38 | Create | Villager (Male) |
| 23:50 | Create | Villager (Male) |
| 23:53 | Build | Town Center |
| 23:56 | Build | House |
| 24:04 | Create | Villager (Male) |
| 24:15 | Create | Villager (Male) |
| 24:24 | Create | Villager (Male) |
| 24:27 | Build | House |
| 24:34 | Create | Villager (Male) |
| 24:41 | Create | Villager (Male) |
| 24:46 | Create | Villager (Male) |
| 24:46 | Create | Villager (Male) |
| 24:48 | Build | Town Center |
| 24:50 | Build | House |
| 24:51 | Build | House |
| 24:52 | Build | House |
| 24:53 | Build | House |
| 25:01 | Build | Farm |
| 25:03 | Build | Farm |
| 25:03 | Create | Villager (Male) |
| 25:05 | Build | Farm |
| 25:06 | Build | Farm |
| 25:07 | Build | Farm |
| 25:10 | Build | Farm |
| 25:11 | Create | Villager (Male) |
| 25:11 | Create | Villager (Male) |
| 25:14 | Build | Farm |
| 25:17 | Build | Farm |
| 25:18 | Create | Villager (Male) |
| 25:21 | Build | Farm |
| 25:22 | Build | Farm |
| 25:23 | Build | Farm |
| 25:36 | Create | Villager (Male) |
| 25:45 | Create | Villager (Male) |
| 25:53 | Build | Farm |
| 25:55 | Build | Farm |
| 25:56 | Build | Farm |
| 25:57 | Build | Farm |
| 25:57 | Build | Farm |
| 26:00 | Build | Farm |
Build order — karpfen1337
First 150 of 257 actions detected
| 0:02 | Create | Villager (Male) |
| 0:03 | Build | House |
| 0:05 | Build | House |
| 0:08 | Create | Villager (Male) ×3 |
| 1:07 | Build | Palisade Wall |
| 1:16 | Research | Loom |
| 1:43 | Create | Villager (Male) ×2 |
| 2:29 | Create | Villager (Male) |
| 3:02 | Create | Villager (Male) |
| 3:09 | Build | Palisade Wall |
| 3:30 | Build | Palisade Wall |
| 3:32 | Build | Palisade Wall |
| 3:34 | Build | Palisade Wall |
| 3:36 | Build | Palisade Wall |
| 3:42 | Create | Villager (Male) |
| 3:56 | Create | Villager (Male) |
| 4:02 | Build | Lumber Camp |
| 4:23 | Build | House |
| 4:26 | Create | Villager (Male) |
| 5:01 | Create | Villager (Male) |
| 5:20 | Create | Villager (Male) |
| 5:40 | Create | Villager (Male) |
| 5:59 | Create | Villager (Male) |
| 6:32 | Build | Lumber Camp |
| 6:39 | Create | Villager (Male) |
| 6:42 | Create | Villager (Male) |
| 6:46 | Build | House |
| 7:17 | Create | Villager (Male) |
| 7:35 | Create | Villager (Male) |
| 7:35 | Create | Villager (Male) |
| 7:42 | Build | Dock |
| 7:53 | Build | Mill |
| 8:30 | Create | Villager (Male) |
| 8:49 | Build | House |
| 8:51 | Create | Villager (Male) |
| 8:52 | Create | Villager (Male) |
| 8:55 | Create | Villager (Male) |
| 9:22 | Build | House |
| 9:50 | Create | Fishing Ship |
| 9:51 | Create | Fishing Ship |
| 10:23 | Create | Villager (Male) |
| 10:55 | Create | Villager (Male) |
| 11:03 | Build | Mining Camp |
| 11:08 | Create | Villager (Male) |
| 11:17 | Build | Outpost |
| 11:22 | Create | Fishing Ship |
| 11:22 | Create | Fishing Ship |
| 11:44 | Build | Dock |
| 11:50 | Research | Feudal Age |
| 12:22 | Build | House |
| 12:24 | Build | House |
| 12:27 | Create | Fishing Ship |
| 12:27 | Create | Fishing Ship |
| 12:52 | Create | Fishing Ship |
| 12:52 | Create | Fishing Ship |
| 12:57 | Build | House |
| 12:58 | Build | House |
| 13:15 | Create | Villager (Male) |
| 13:15 | Create | Villager (Male) |
| 13:57 | Create | Villager (Male) |
| 13:58 | Create | Villager (Male) |
| 14:00 | Age | Feudal Age |
| 14:02 | Build | Market |
| 14:03 | Build | Blacksmith |
| 14:13 | Create | Fishing Ship |
| 14:13 | Create | Fishing Ship |
| 14:42 | Build | Stone Wall |
| 14:43 | Build | Stone Wall |
| 14:44 | Build | Stone Wall |
| 15:11 | Research | Castle Age |
| 15:24 | Build | Lumber Camp |
| 15:36 | Research | Tech 906 |
| 15:55 | Research | Double-Bit Axe |
| 16:23 | Create | Fishing Ship |
| 16:24 | Create | Fishing Ship |
| 16:45 | Research | Fletching |
| 16:48 | Build | Barracks |
| 16:53 | Build | Barracks |
| 17:03 | Build | Fish Trap |
| 17:08 | Build | Fish Trap |
| 17:11 | Build | Fish Trap |
| 17:15 | Build | Fish Trap |
| 17:49 | Create | Villager (Male) |
| 17:49 | Create | Villager (Male) |
| 17:55 | Age | Castle Age |
| 17:58 | Build | Siege Workshop |
| 18:00 | Create | Villager (Male) |
| 18:04 | Build | Fish Trap |
| 18:07 | Build | Fish Trap |
| 18:09 | Build | Fish Trap |
| 18:11 | Research | Bow Saw |
| 18:22 | Build | Barracks |
| 18:34 | Create | Mangonel |
| 18:45 | Research | Bodkin Arrow |
| 19:04 | Create | Villager (Male) |
| 19:09 | Build | Archery Range |
| 19:36 | Research | Padded Archer Armor |
| 19:48 | Create | Villager (Male) |
| 19:53 | Build | Archery Range |
| 19:55 | Build | Archery Range |
| 20:00 | Build | University |
| 20:01 | Create | Villager (Male) |
| 20:17 | Build | Fish Trap |
| 20:20 | Build | Fish Trap |
| 20:22 | Create | Villager (Male) |
| 20:35 | Create | Villager (Male) |
| 20:39 | Create | Cavalry Archer |
| 20:39 | Create | Cavalry Archer |
| 20:39 | Create | Cavalry Archer |
| 20:44 | Create | Cavalry Archer |
| 20:44 | Create | Cavalry Archer |
| 20:47 | Create | Villager (Male) |
| 21:08 | Build | House |
| 21:09 | Build | House |
| 21:09 | Build | House |
| 21:09 | Build | House |
| 21:12 | Research | Ballistics |
| 21:13 | Create | Cavalry Archer |
| 21:25 | Create | Villager (Male) |
| 21:30 | Create | Mangonel |
| 21:48 | Create | Cavalry Archer |
| 21:49 | Create | Villager (Male) |
| 21:59 | Create | Villager (Male) |
| 22:00 | Create | Cavalry Archer |
| 22:00 | Create | Cavalry Archer |
| 22:01 | Create | Cavalry Archer |
| 22:05 | Build | House |
| 22:06 | Build | House |
| 22:06 | Build | House |
| 22:07 | Build | House |
| 22:24 | Research | Leather Archer Armor |
| 22:25 | Create | Villager (Male) |
| 22:33 | Create | Villager (Male) |
| 22:33 | Create | Cavalry Archer |
| 22:37 | Build | Fish Trap |
| 22:39 | Build | Fish Trap |
| 22:44 | Build | Fish Trap |
| 22:58 | Create | Cavalry Archer ×2 |
| 23:00 | Create | Villager (Male) |
| 23:09 | Build | Mining Camp |
| 23:31 | Create | Cavalry Archer ×2 |
| 23:41 | Create | Cavalry Archer |
| 23:58 | Create | Villager (Male) |
| 24:00 | Build | House |
| 24:01 | Build | House |
| 24:01 | Build | House |
| 24:01 | Build | House |
| 24:17 | Create | Villager (Male) |
| 24:17 | Create | Villager (Male) |
| 24:27 | Create | Cavalry Archer ×5 |
Build order — aoclearnarabia
First 150 of 386 actions detected
| 0:02 | Create | Villager (Male) |
| 0:02 | Create | Villager (Male) |
| 0:03 | Build | House |
| 0:06 | Build | House |
| 0:19 | Create | Villager (Male) |
| 0:21 | Create | Villager (Male) |
| 1:24 | Create | Villager (Male) |
| 2:01 | Build | Settlement |
| 2:04 | Create | Villager (Male) |
| 2:04 | Create | Villager (Male) |
| 2:15 | Create | Villager (Male) |
| 2:15 | Create | Villager (Male) |
| 2:56 | Create | Villager (Male) |
| 2:56 | Create | Villager (Male) |
| 3:04 | Create | Villager (Male) |
| 3:04 | Create | Villager (Male) |
| 3:34 | Create | Villager (Male) |
| 3:34 | Create | Villager (Male) |
| 3:50 | Create | Villager (Male) |
| 4:29 | Create | Villager (Male) |
| 4:43 | Create | Villager (Male) |
| 4:59 | Build | Dock |
| 5:07 | Create | Villager (Male) |
| 5:33 | Create | Villager (Male) |
| 5:33 | Create | Villager (Male) |
| 5:34 | Create | Villager (Male) |
| 5:47 | Create | Villager (Male) |
| 5:55 | Build | House |
| 6:09 | Build | Settlement |
| 6:29 | Research | Loom |
| 6:36 | Build | House |
| 6:38 | Create | Fishing Ship |
| 6:40 | Create | Villager (Male) |
| 7:12 | Create | Fishing Ship |
| 7:26 | Create | Villager (Male) |
| 7:32 | Build | Palisade Wall |
| 7:39 | Create | Fishing Ship |
| 7:46 | Create | Villager (Male) |
| 8:17 | Create | Fishing Ship |
| 8:21 | Create | Villager (Male) |
| 9:02 | Create | Fishing Ship |
| 9:07 | Create | Villager (Male) |
| 9:38 | Create | Villager (Male) |
| 10:10 | Build | House |
| 10:16 | Create | Fishing Ship |
| 10:18 | Research | Feudal Age |
| 10:40 | Create | Fishing Ship |
| 11:38 | Create | Fishing Ship |
| 12:25 | Create | Villager (Male) |
| 12:28 | Age | Feudal Age |
| 12:30 | Create | Villager (Male) |
| 12:33 | Build | Market |
| 12:35 | Build | Blacksmith |
| 12:38 | Research | Tech 906 |
| 12:50 | Research | Double-Bit Axe |
| 13:02 | Build | Palisade Wall |
| 13:07 | Build | Building 796 |
| 13:10 | Build | House |
| 13:15 | Create | Villager (Male) |
| 13:35 | Build | Palisade Wall |
| 13:37 | Build | Palisade Wall |
| 13:39 | Build | Palisade Wall |
| 13:44 | Build | Palisade Wall |
| 13:49 | Research | Castle Age |
| 13:58 | Build | House |
| 14:21 | Create | Fishing Ship |
| 14:58 | Build | Fish Trap |
| 15:13 | Create | Villager (Male) |
| 15:46 | Build | Fish Trap |
| 16:10 | Build | Dock |
| 16:29 | Age | Castle Age |
| 16:43 | Create | Villager (Male) |
| 16:47 | Build | Fish Trap |
| 16:48 | Research | Gillnets |
| 16:49 | Research | Gillnets |
| 16:51 | Build | Fish Trap |
| 16:54 | Build | Building 490 |
| 16:57 | Build | Stone Wall |
| 16:58 | Create | Villager (Male) |
| 17:02 | Build | Town Center |
| 17:04 | Research | Bow Saw |
| 17:05 | Research | Bow Saw |
| 17:08 | Create | Villager (Male) |
| 17:17 | Create | Fishing Ship |
| 17:19 | Build | House |
| 17:27 | Create | Villager (Male) |
| 17:33 | Build | Siege Workshop |
| 17:38 | Create | Villager (Male) |
| 17:44 | Create | Villager (Male) |
| 17:56 | Build | Stone Wall |
| 18:02 | Build | Fish Trap |
| 18:04 | Build | House |
| 18:06 | Create | Villager (Male) |
| 18:20 | Build | Town Center |
| 18:24 | Build | Fish Trap |
| 18:25 | Create | Villager (Male) |
| 18:27 | Create | Villager (Male) |
| 18:35 | Build | Fish Trap |
| 18:45 | Create | Villager (Male) |
| 18:52 | Create | Villager (Male) |
| 18:53 | Create | Villager (Male) |
| 18:59 | Build | Fish Trap |
| 19:09 | Build | Building 490 |
| 19:13 | Build | Stone Wall |
| 19:15 | Create | Scorpion |
| 19:17 | Create | Villager (Male) |
| 19:18 | Create | Villager (Male) |
| 19:29 | Build | Fish Trap |
| 19:31 | Create | Villager (Male) |
| 19:35 | Create | Villager (Male) |
| 19:43 | Build | Fish Trap |
| 19:56 | Create | Villager (Male) |
| 19:57 | Create | Villager (Male) |
| 20:04 | Create | Fishing Ship |
| 20:05 | Create | Fishing Ship |
| 20:18 | Build | Dock |
| 20:20 | Create | Villager (Male) |
| 20:27 | Create | Villager (Male) |
| 20:49 | Create | Villager (Male) |
| 20:56 | Build | Settlement |
| 20:58 | Create | Fishing Ship |
| 20:58 | Create | Fishing Ship |
| 20:59 | Create | Fishing Ship |
| 21:02 | Build | Fish Trap |
| 21:04 | Build | House |
| 21:06 | Create | Villager (Male) |
| 21:13 | Build | Fish Trap |
| 21:15 | Create | Villager (Male) |
| 21:19 | Create | Villager (Male) |
| 21:23 | Create | Villager (Male) |
| 21:35 | Build | Town Center |
| 21:38 | Create | Fishing Ship |
| 21:39 | Create | Fishing Ship |
| 21:43 | Build | Fish Trap |
| 21:44 | Create | Villager (Male) |
| 21:46 | Create | Villager (Male) |
| 21:58 | Build | Fish Trap |
| 22:01 | Build | Fish Trap |
| 22:04 | Create | Villager (Male) |
| 22:05 | Create | Villager (Male) |
| 22:09 | Build | Building 487 |
| 22:13 | Build | Stone Wall |
| 22:22 | Research | Wheelbarrow |
| 22:22 | Research | Wheelbarrow |
| 22:25 | Create | Fishing Ship |
| 22:25 | Create | Fishing Ship |
| 22:28 | Build | House |
| 22:29 | Create | Villager (Male) |
| 22:31 | Create | Villager (Male) |
| 22:36 | Create | Villager (Male) |
Build order — MasterProber
First 150 of 163 actions detected
| 0:03 | Create | Villager (Male) |
| 0:03 | Create | Villager (Male) |
| 0:03 | Create | Villager (Male) |
| 0:04 | Build | House |
| 0:05 | Build | House |
| 0:25 | Create | Villager (Male) |
| 0:39 | Research | Loom |
| 1:33 | Create | Villager (Male) |
| 1:47 | Build | Lumber Camp |
| 2:14 | Create | Villager (Male) |
| 2:28 | Create | Villager (Male) |
| 2:28 | Create | Villager (Male) |
| 2:51 | Create | Villager (Male) |
| 3:17 | Create | Villager (Male) |
| 3:17 | Create | Villager (Male) |
| 3:48 | Create | Villager (Male) |
| 4:12 | Create | Villager (Male) |
| 4:27 | Build | House |
| 4:53 | Create | Villager (Male) |
| 4:53 | Create | Villager (Male) |
| 5:32 | Create | Villager (Male) |
| 5:32 | Create | Villager (Male) |
| 5:33 | Create | Villager (Male) |
| 5:33 | Create | Villager (Male) |
| 6:21 | Build | House |
| 7:08 | Create | Villager (Male) |
| 7:10 | Build | Mining Camp |
| 7:43 | Create | Villager (Male) |
| 7:43 | Research | Feudal Age |
| 7:45 | Research | Feudal Age |
| 8:45 | Build | Dock |
| 9:08 | Build | Palisade Wall |
| 9:11 | Build | Palisade Wall |
| 9:23 | Build | House |
| 9:33 | Create | Fishing Ship |
| 9:33 | Create | Fishing Ship |
| 9:35 | Create | Villager (Male) |
| 9:36 | Create | Villager (Male) |
| 9:55 | Age | Feudal Age |
| 9:57 | Build | Stone Wall |
| 10:01 | Build | Stone Wall |
| 10:20 | Create | Villager (Male) |
| 10:25 | Research | Double-Bit Axe |
| 10:52 | Create | Villager (Male) |
| 10:55 | Build | Mill |
| 11:09 | Create | Fishing Ship ×3 |
| 11:19 | Build | House |
| 11:29 | Build | Outpost |
| 11:38 | Create | Villager (Male) ×5 |
| 11:58 | Build | Mining Camp |
| 12:02 | Build | House |
| 12:09 | Create | Fishing Ship |
| 13:33 | Build | Stone Wall |
| 13:37 | Create | Villager (Male) |
| 13:40 | Build | Market |
| 13:42 | Build | Blacksmith |
| 14:11 | Build | Stone Wall |
| 14:20 | Create | Villager (Male) ×5 |
| 14:51 | Build | Dock |
| 15:07 | Build | House |
| 15:44 | Build | House |
| 15:46 | Build | House |
| 15:47 | Build | House |
| 16:14 | Build | House |
| 16:15 | Build | House |
| 16:26 | Create | Fishing Ship ×5 |
| 17:05 | Research | Castle Age |
| 17:16 | Build | Lumber Camp |
| 17:31 | Build | House |
| 17:36 | Build | Stone Wall |
| 17:40 | Build | Fish Trap |
| 17:51 | Build | Fish Trap |
| 17:54 | Build | Fish Trap |
| 18:05 | Build | House |
| 18:55 | Build | Fish Trap |
| 19:01 | Build | Fish Trap |
| 19:10 | Build | Fish Trap |
| 19:13 | Build | Fish Trap |
| 19:19 | Build | Outpost |
| 19:26 | Build | Fish Trap |
| 19:29 | Build | Fish Trap |
| 19:37 | Create | Villager (Male) |
| 19:37 | Create | Villager (Male) |
| 19:43 | Build | Fish Trap |
| 19:45 | Age | Castle Age |
| 20:10 | Build | Fish Trap |
| 20:14 | Build | Palisade Wall |
| 20:26 | Build | Castle |
| 20:38 | Create | Villager (Male) |
| 21:02 | Build | Barracks |
| 21:21 | Build | University |
| 21:48 | Build | Stone Wall |
| 21:51 | Build | Archery Range |
| 21:53 | Build | Archery Range |
| 22:28 | Build | Archery Range |
| 22:34 | Research | Imperial Age |
| 23:22 | Research | Crossbowman (upgrade) |
| 23:49 | Build | Stone Wall |
| 23:59 | Build | Stone Wall |
| 24:16 | Build | Stone Wall |
| 24:39 | Create | Archer ×5 |
| 24:56 | Build | Mining Camp |
| 25:13 | Research | Fletching |
| 25:19 | Build | Town Center |
| 25:21 | Build | Lumber Camp |
| 25:44 | Age | Imperial Age |
| 25:49 | Research | Bodkin Arrow |
| 25:53 | Research | Conscription |
| 26:14 | Build | Archery Range |
| 26:15 | Build | Archery Range |
| 26:18 | Create | Villager (Male) |
| 26:20 | Research | Bow Saw |
| 26:23 | Research | Ballistics |
| 27:02 | Create | Petard ×3 |
| 27:05 | Create | Archer ×2 |
| 27:23 | Create | Fishing Ship ×4 |
| 27:51 | Build | House |
| 27:52 | Build | House |
| 27:56 | Research | Bracer |
| 28:06 | Create | Archer ×5 |
| 28:07 | Create | Archer |
| 28:21 | Build | Fish Trap |
| 28:24 | Build | Fish Trap |
| 28:35 | Build | Building 673 |
| 28:42 | Research | Padded Archer Armor |
| 28:53 | Create | Archer ×4 |
| 29:00 | Create | Villager (Male) ×2 |
| 29:00 | Create | Villager (Male) |
| 29:04 | Build | Fish Trap |
| 30:12 | Create | Archer ×5 |
| 30:12 | Create | Archer ×5 |
| 30:14 | Create | Villager (Male) ×5 |
| 30:37 | Build | Fish Trap |
| 30:40 | Build | House |
| 30:58 | Create | Archer ×5 |
| 30:59 | Create | Archer ×3 |
| 31:19 | Create | Archer ×5 |
| 31:25 | Build | House |
| 31:25 | Build | House |
| 31:25 | Build | House |
| 31:26 | Build | House |
| 31:31 | Build | House |
| 32:02 | Build | Siege Workshop |
| 32:08 | Build | Outpost |
| 32:27 | Research | Arbalester (upgrade) |
| 33:27 | Research | Capped Ram (upgrade) |
| 33:30 | Build | Siege Workshop |
| 34:18 | Build | Dock |
| 34:45 | Research | Onager (upgrade) |
| 34:46 | Create | Mangonel ×3 |
Build order — Violet Ania
First 150 of 460 actions detected
| 0:01 | Create | Villager (Male) |
| 0:02 | Build | House |
| 0:05 | Build | House |
| 0:08 | Create | Villager (Male) |
| 0:08 | Create | Villager (Male) |
| 0:13 | Create | Villager (Male) |
| 0:17 | Create | Villager (Male) |
| 0:17 | Create | Villager (Male) |
| 1:35 | Create | Villager (Male) |
| 1:36 | Create | Villager (Male) |
| 2:00 | Build | Lumber Camp |
| 2:04 | Build | Lumber Camp |
| 2:18 | Create | Villager (Male) |
| 2:18 | Create | Villager (Male) |
| 2:42 | Create | Villager (Male) |
| 2:42 | Create | Villager (Male) |
| 3:13 | Create | Villager (Male) |
| 3:13 | Create | Villager (Male) |
| 3:43 | Create | Villager (Male) |
| 3:44 | Create | Villager (Male) |
| 3:44 | Create | Villager (Male) |
| 3:45 | Build | House |
| 3:58 | Build | House |
| 3:59 | Build | House |
| 4:12 | Create | Villager (Male) |
| 4:12 | Create | Villager (Male) |
| 4:31 | Create | Villager (Male) |
| 4:50 | Create | Villager (Male) |
| 4:50 | Create | Villager (Male) |
| 4:51 | Create | Villager (Male) |
| 5:18 | Build | Mill |
| 5:30 | Create | Villager (Male) |
| 5:30 | Create | Villager (Male) |
| 5:33 | Create | Villager (Male) |
| 5:33 | Create | Villager (Male) |
| 5:55 | Create | Villager (Male) |
| 5:55 | Create | Villager (Male) |
| 6:42 | Create | Villager (Male) |
| 6:42 | Create | Villager (Male) |
| 6:50 | Build | Farm |
| 6:51 | Build | Farm |
| 6:52 | Build | Farm |
| 7:15 | Create | Villager (Male) |
| 7:15 | Create | Villager (Male) |
| 8:18 | Build | Mining Camp |
| 8:53 | Research | Feudal Age |
| 10:57 | Age | Feudal Age |
| 11:04 | Build | Market |
| 11:09 | Build | Blacksmith |
| 11:22 | Create | Villager (Male) |
| 11:22 | Create | Villager (Male) |
| 11:59 | Build | House |
| 12:02 | Research | Castle Age |
| 12:04 | Create | Villager (Male) |
| 12:04 | Create | Villager (Male) |
| 12:56 | Build | Palisade Wall |
| 13:00 | Build | Palisade Wall |
| 13:02 | Build | Palisade Wall |
| 13:09 | Build | Palisade Wall |
| 13:13 | Build | Palisade Wall |
| 13:22 | Create | Villager (Male) |
| 14:28 | Age | Castle Age |
| 14:33 | Build | Siege Workshop |
| 14:37 | Create | Villager (Male) |
| 14:37 | Create | Villager (Male) |
| 14:41 | Build | Farm |
| 14:51 | Build | Town Center |
| 14:54 | Research | Double-Bit Axe |
| 15:21 | Build | House |
| 15:34 | Create | Villager (Male) |
| 15:34 | Create | Villager (Male) |
| 15:36 | Create | Villager (Male) |
| 15:50 | Create | Villager (Male) |
| 15:50 | Create | Villager (Male) |
| 16:07 | Create | Mangonel |
| 16:07 | Create | Mangonel |
| 16:08 | Create | Mangonel |
| 16:13 | Build | House |
| 16:15 | Build | House |
| 16:17 | Create | Villager (Male) |
| 16:18 | Create | Villager (Male) |
| 16:25 | Create | Villager (Male) |
| 16:25 | Create | Villager (Male) |
| 16:26 | Create | Villager (Male) |
| 16:26 | Create | Villager (Male) |
| 17:04 | Create | Villager (Male) |
| 17:05 | Create | Villager (Male) |
| 17:09 | Build | Town Center |
| 17:12 | Build | Farm |
| 17:12 | Build | Farm |
| 17:15 | Build | Farm |
| 17:16 | Build | Farm |
| 17:16 | Build | Farm |
| 17:26 | Build | Farm |
| 17:27 | Build | Farm |
| 17:27 | Build | Farm |
| 17:27 | Build | Farm |
| 17:27 | Build | Farm |
| 17:31 | Create | Villager (Male) |
| 17:31 | Create | Villager (Male) |
| 17:38 | Build | Farm |
| 18:05 | Create | Villager (Male) |
| 18:05 | Create | Villager (Male) |
| 18:10 | Build | Farm |
| 18:10 | Build | Farm |
| 18:11 | Build | Farm |
| 18:11 | Build | Farm |
| 18:11 | Build | Farm |
| 18:12 | Build | Farm |
| 18:22 | Build | House |
| 18:24 | Build | House |
| 18:24 | Build | House |
| 18:25 | Build | House |
| 18:38 | Create | Villager (Male) |
| 18:39 | Create | Villager (Male) |
| 18:59 | Build | Town Center |
| 19:02 | Create | Villager (Male) |
| 19:02 | Create | Villager (Male) |
| 19:06 | Build | Farm |
| 19:07 | Create | Villager (Male) |
| 19:19 | Build | Farm |
| 19:19 | Build | Farm |
| 19:19 | Build | Farm |
| 19:20 | Build | Farm |
| 19:20 | Build | Farm |
| 19:20 | Build | Farm |
| 19:20 | Build | Farm |
| 19:25 | Create | Villager (Male) |
| 19:25 | Create | Villager (Male) |
| 19:25 | Create | Villager (Male) |
| 19:39 | Build | Farm |
| 19:39 | Create | Villager (Male) |
| 19:40 | Create | Villager (Male) |
| 19:43 | Build | Farm |
| 19:48 | Build | Farm |
| 19:56 | Build | Farm |
| 19:56 | Create | Villager (Male) |
| 19:57 | Create | Villager (Male) |
| 20:03 | Build | Farm |
| 20:19 | Build | Farm |
| 20:20 | Create | Villager (Male) |
| 20:20 | Research | Loom |
| 20:21 | Create | Villager (Male) |
| 20:21 | Create | Villager (Male) |
| 20:26 | Create | Villager (Male) |
| 20:26 | Create | Villager (Male) |
| 20:29 | Create | Villager (Male) |
| 20:29 | Create | Villager (Male) |
| 20:47 | Create | Villager (Male) |
| 20:47 | Create | Villager (Male) |
Match timeline
| 1:07 | karpfen1337 · wall_segment Palisade Wall x9 |
| 1:20 | pb and jam · wall_segment Palisade Wall x11 |
| 1:32 | JARDANI1299 · wall_segment Palisade Wall x14 |
| 1:43 | Matze · wall_segment Palisade Wall x10 |
| 1:55 | JARDANI1299 · wall_segment Palisade Wall x1 |
| 2:37 | pb and jam · wall_segment Palisade Wall x1 |
| 2:40 | pb and jam · wall_segment Palisade Wall x1 |
| 2:42 | pb and jam · wall_segment Palisade Wall x1 |
| 3:09 | karpfen1337 · wall_segment Palisade Wall x1 |
| 3:25 | pb and jam · wall_segment Palisade Wall x1 |
| 3:26 | pb and jam · wall_segment Palisade Wall x1 |
| 3:30 | karpfen1337 · wall_segment Palisade Wall x1 |
| 3:32 | karpfen1337 · wall_segment Palisade Wall x1 |
| 3:34 | karpfen1337 · wall_segment Palisade Wall x1 |
| 3:36 | karpfen1337 · wall_segment Palisade Wall x1 |
| 3:37 | pb and jam · wall_segment Palisade Wall x1 |
| 3:43 | pb and jam · wall_segment Palisade Wall x1 |
| 3:44 | pb and jam · wall_segment Palisade Wall x1 |
| 3:45 | pb and jam · wall_segment Palisade Wall x2 |
| 3:47 | pb and jam · wall_segment Palisade Wall x1 |
| 4:07 | pb and jam · wall_segment Palisade Wall x4 |
| 4:54 | pb and jam · wall_segment Palisade Wall x4 |
| 4:56 | pb and jam · wall_segment Palisade Wall x7 |
| 4:59 | aoclearnarabia · first_building Dock |
| 6:17 | Prince <3 · first_building Dock |
| 6:27 | JARDANI1299 · wall_segment Palisade Wall x5 |
| 6:28 | JARDANI1299 · wall_segment Palisade Wall x12 |
| 7:32 | aoclearnarabia · wall_segment Palisade Wall x1 |
| 7:42 | karpfen1337 · first_building Dock |
| 8:45 | MasterProber · first_building Dock |
| 9:08 | MasterProber · wall_segment Palisade Wall x1 |
| 9:11 | MasterProber · wall_segment Palisade Wall x1 |
| 9:55 | MasterProber · age_up feudal |
| 9:57 | MasterProber · wall_segment Stone Wall x12 |
| 10:01 | MasterProber · wall_segment Stone Wall x5 |
| 10:57 | Violet Ania · age_up feudal |
| 11:21 | Matze · age_up feudal |
| 11:31 | Prince <3 · age_up feudal |
| 12:28 | aoclearnarabia · age_up feudal |
| 12:36 | JARDANI1299 · first_market_sell 100 food |
| 12:52 | pb and jam · age_up feudal |
| 12:56 | Violet Ania · wall_segment Palisade Wall x1 |
| 13:00 | Violet Ania · wall_segment Palisade Wall x1 |
| 13:02 | Violet Ania · wall_segment Palisade Wall x1 |
| 13:02 | aoclearnarabia · wall_segment Palisade Wall x6 |
| 13:08 | JARDANI1299 · wall_segment Stone Wall x14 |
| 13:09 | Violet Ania · wall_segment Palisade Wall x1 |
| 13:13 | Violet Ania · wall_segment Palisade Wall x1 |
| 13:33 | MasterProber · wall_segment Stone Wall x13 |
| 13:35 | aoclearnarabia · wall_segment Palisade Wall x1 |
| 13:37 | aoclearnarabia · wall_segment Palisade Wall x1 |
| 13:39 | aoclearnarabia · wall_segment Palisade Wall x1 |
| 13:44 | aoclearnarabia · wall_segment Palisade Wall x1 |
| 13:47 | pb and jam · first_market_sell 100 wood |
| 14:00 | karpfen1337 · age_up feudal |
| 14:11 | MasterProber · wall_segment Stone Wall x17 |
| 14:28 | Violet Ania · age_up castle |
| 14:33 | Violet Ania · first_building Siege Workshop |
| 14:42 | karpfen1337 · wall_segment Stone Wall x4 |
| 14:43 | karpfen1337 · wall_segment Stone Wall x4 |
| 14:44 | karpfen1337 · wall_segment Stone Wall x3 |
| 14:52 | Matze · age_up castle |
| 15:06 | Prince <3 · age_up castle |
| 15:09 | Matze · first_building Castle |
| 15:12 | Prince <3 · first_building Monastery |
| 15:29 | Prince <3 · first_market_sell 100 stone |
| 16:28 | pb and jam · age_up castle |
| 16:28 | Prince <3 · first_building Barracks |
| 16:29 | aoclearnarabia · age_up castle |
| 16:33 | pb and jam · first_building Castle |
| 16:48 | karpfen1337 · first_building Barracks |
| 16:51 | Matze · first_building Siege Workshop |
| 16:57 | aoclearnarabia · wall_segment Stone Wall x1 |
| 17:11 | aoclearnarabia · first_market_buy 100 wood |
| 17:33 | aoclearnarabia · first_building Siege Workshop |
| 17:36 | MasterProber · wall_segment Stone Wall x13 |
| 17:41 | Matze · first_building Monastery |
| 17:42 | Prince <3 · first_market_buy 100 food |
| 17:55 | karpfen1337 · age_up castle |
| 17:56 | aoclearnarabia · wall_segment Stone Wall x1 |
| 17:58 | karpfen1337 · first_building Siege Workshop |
| 18:11 | aoclearnarabia · first_market_sell 100 food |
| 18:15 | JARDANI1299 · first_market_buy 100 stone |
| 18:43 | Violet Ania · first_market_buy 100 stone |
| 19:09 | karpfen1337 · first_building Archery Range |
| 19:13 | aoclearnarabia · wall_segment Stone Wall x2 |
| 19:28 | pb and jam · wall_segment Palisade Wall x1 |
| 19:31 | pb and jam · wall_segment Palisade Wall x5 |
| 19:45 | MasterProber · age_up castle |
| 19:46 | Prince <3 · first_building Siege Workshop |
| 20:13 | pb and jam · wall_segment Palisade Wall x1 |
| 20:14 | MasterProber · wall_segment Palisade Wall x1 |
| 20:18 | Prince <3 · first_building Archery Range |
| 20:19 | MasterProber · first_market_buy 100 stone |
| 20:20 | Matze · first_market_buy 100 stone |
| 20:23 | JARDANI1299 · wall_segment Stone Wall x4 |
| 20:25 | JARDANI1299 · wall_segment Stone Wall x13 |
| 20:26 | MasterProber · first_building Castle |
| 20:44 | JARDANI1299 · wall_segment Stone Wall x2 |
| 20:47 | JARDANI1299 · wall_segment Stone Wall x14 |
| 20:53 | Violet Ania · wall_segment Stone Wall x8 |
| 20:54 | Prince <3 · age_up imperial |
| 21:02 | MasterProber · first_building Barracks |
| 21:25 | pb and jam · first_building Siege Workshop |
| 21:48 | MasterProber · wall_segment Stone Wall x19 |
| 21:51 | MasterProber · first_building Archery Range |
| 21:51 | JARDANI1299 · first_building Siege Workshop |
| 22:06 | pb and jam · first_building Monastery |
| 22:09 | Violet Ania · wall_segment Stone Wall x9 |
| 22:13 | aoclearnarabia · wall_segment Stone Wall x3 |
| 22:57 | JARDANI1299 · wall_segment Stone Wall x1 |
| 22:58 | pb and jam · first_building Barracks |
| 22:59 | JARDANI1299 · wall_segment Stone Wall x13 |
| 23:49 | MasterProber · wall_segment Stone Wall x9 |
| 23:59 | MasterProber · wall_segment Stone Wall x9 |
| 24:11 | MasterProber · first_market_sell 100 wood |
| 24:16 | MasterProber · wall_segment Stone Wall x6 |
| 24:27 | aoclearnarabia · first_building Barracks |
| 24:32 | Violet Ania · wall_segment Stone Wall x4 |
| 24:33 | aoclearnarabia · wall_segment Stone Wall x4 |
| 24:45 | JARDANI1299 · wall_segment Stone Wall x14 |
| 25:02 | Violet Ania · first_market_sell 100 wood |
| 25:24 | karpfen1337 · first_building Stable |
| 25:25 | aoclearnarabia · first_building Monastery |
| 25:30 | aoclearnarabia · first_building Archery Range |
| 25:44 | MasterProber · age_up imperial |
| 25:44 | aoclearnarabia · wall_segment Stone Wall x1 |
| 25:59 | Violet Ania · first_building Barracks |
| 26:11 | pb and jam · first_market_buy 100 stone |
| 26:11 | JARDANI1299 · wall_segment Stone Wall x5 |
| 26:22 | aoclearnarabia · wall_segment Stone Wall x6 |
| 26:26 | Violet Ania · first_building Archery Range |
| 26:38 | JARDANI1299 · wall_segment Stone Wall x4 |
| 27:02 | JARDANI1299 · wall_segment Stone Wall x1 |
| 27:03 | JARDANI1299 · wall_segment Stone Wall x1 |
| 27:06 | JARDANI1299 · wall_segment Stone Wall x6 |
| 27:08 | JARDANI1299 · wall_segment Stone Wall x1 |
| 27:11 | JARDANI1299 · wall_segment Stone Wall x4 |
| 27:44 | JARDANI1299 · wall_segment Stone Wall x5 |
| 27:48 | JARDANI1299 · wall_segment Stone Wall x8 |
| 27:54 | JARDANI1299 · wall_segment Stone Wall x5 |
| 27:59 | JARDANI1299 · wall_segment Stone Wall x9 |
| 28:38 | JARDANI1299 · first_building Monastery |
| 28:42 | aoclearnarabia · age_up imperial |
| 28:53 | Violet Ania · first_building Castle |
| 29:13 | pb and jam · wall_segment Stone Wall x1 |
| 29:39 | JARDANI1299 · wall_segment Stone Wall x4 |
| 29:39 | Violet Ania · first_building Stable |
| 29:48 | JARDANI1299 · first_building Barracks |
| 30:18 | pb and jam · wall_segment Stone Wall x11 |
| 30:53 | JARDANI1299 · wall_segment Stone Wall x14 |
| 31:11 | karpfen1337 · age_up imperial |
| 31:28 | karpfen1337 · first_market_buy 100 food |
| 31:54 | JARDANI1299 · first_building Stable |
| 32:02 | MasterProber · first_building Siege Workshop |
| 32:18 | Violet Ania · wall_segment Stone Wall x5 |
| 32:31 | Violet Ania · wall_segment Stone Wall x3 |
| 32:52 | karpfen1337 · first_market_sell 500 food |
| 32:58 | JARDANI1299 · wall_segment Stone Wall x8 |
| 33:07 | Violet Ania · wall_segment Stone Wall x3 |
| 33:09 | Violet Ania · wall_segment Stone Wall x3 |
| 33:14 | JARDANI1299 · first_building Castle |
| 34:24 | aoclearnarabia · wall_segment Palisade Wall x6 |
| 36:18 | JARDANI1299 · tribute_sent a jugador 1 |
| 36:18 | JARDANI1299 · tribute_sent a jugador 3 |
| 36:18 | JARDANI1299 · tribute_sent a jugador 4 |
| 36:18 | JARDANI1299 · tribute_sent a jugador 5 |
| 36:18 | JARDANI1299 · tribute_sent a jugador 6 |
| 36:18 | JARDANI1299 · tribute_sent a jugador 7 |
| 36:18 | JARDANI1299 · tribute_sent a jugador 8 |
| 36:21 | Matze · tribute_sent a jugador 1 |
| 36:21 | Matze · tribute_sent a jugador 2 |
| 36:21 | Matze · tribute_sent a jugador 4 |
| 36:21 | Matze · tribute_sent a jugador 5 |
| 36:21 | Matze · tribute_sent a jugador 6 |
| 36:21 | Matze · tribute_sent a jugador 7 |
| 36:21 | Matze · tribute_sent a jugador 8 |
| 36:33 | karpfen1337 · first_building Castle |
| 37:11 | pb and jam · first_building Archery Range |
| 38:14 | Violet Ania · age_up imperial |
| 38:20 | MasterProber · resign |
[ AI ANALYSIS · 1 CREDIT ]
What really happened in this match?
Wolo.gg analyzes every decision: build order, eco, micro, common mistakes by bracket. Personalized analysis on WhatsApp or Discord in 30 seconds.
Civ guide
Japanese
Perfil
Jugador #4216144